3207 views
Uploaded 2020-03-26 18:41:21
Game version 1.32.3
18:40 long 1on1 custom game on (2)EchoIsles
Game name "dziango"
Saved by Dziango
3207 views
Uploaded 2020-03-26 18:41:21
Game version 1.32.3
18:40 long 1on1 custom game on (2)EchoIsles
Game name "dziango"
30 units @ 4.9k
/ 0.7k
12 buildings @ 2k
/ 0.6k


| Rod of Necromancy | 4 | 600 |
| Orb of Corruption | 1 | 375 |
| Scroll of Healing | 1 | 250 |
| Scroll of Town Portal | 1 | 350 |
| Potion of Lesser Invulnerability | 1 | 150 |
| Potion of Invisibility | 1 | 100 |
| total: | 9 | 1825g |
| Acolyte | 7 | 525 | / | 0 |
| Ghoul | 6 | 720 | / | 0 |
| Crypt Fiend | 11 | 2365 | / | 440 |
| Obsidian Statue | 4 | 800 | / | 140 |
| Abomination | 2 | 480 | / | 140 |
| total: | 30 | 4890g | / | 720w |
| Nerubian Tower | 1 | 100 | / | 20 |
| Ziggurat | 6 | 900 | / | 300 |
| Altar of Darkness | 1 | 180 | / | 50 |
| Crypt | 1 | 200 | / | 50 |
| Tomb of Relics | 1 | 130 | / | 30 |
| Graveyard | 1 | 215 | / | 0 |
| Necropolis | 1 | 225 | / | 0 |
| Slaughterhouse | 1 | 140 | / | 135 |
| Halls of the Dead | 1 | 320 | / | 210 |
| Black Citadel | 1 | 325 | / | 230 |
| total: | 12 | 1990g | / | 565w |
| 0:01 | Acolyte |
| 0:03 | Ziggurat |
| 0:06 | Altar of Darkness |
| 0:11 | Acolyte |
| 0:32 | Crypt |
| 0:40 | Acolyte |
| 1:04 | Tomb of Relics |
| 1:17 | Graveyard |
| 1:34 | Ghoul |
| 1:44 | Ghoul |
| 2:08 | Rod of Necromancy |
| 2:15 | Ghoul |
| 2:16 | Death Coil |
| 2:40 | Ziggurat |
| 2:47 | Ghoul |
| 3:25 | Halls of the Dead |
| 3:31 | Ghoul |
| 3:59 | Crypt Fiend |
| 4:11 | Crypt Fiend |
| 4:24 | Unholy Aura |
| 4:36 | Rod of Necromancy |
| 4:51 | Ziggurat |
| 5:01 | Crypt Fiend |
| 5:33 | Crypt Fiend |
| 6:11 | Burrow |
| 6:26 | Slaughterhouse |
| 6:54 | Rod of Necromancy |
| 6:57 | Frost Nova |
| 7:30 | Obsidian Statue |
| 7:54 | Crypt Fiend |
| 8:12 | Ziggurat |
| 8:46 | Obsidian Statue |
| 8:47 | Crypt Fiend |
| 9:24 | Crypt Fiend |
| 9:29 | Black Citadel |
| 9:37 | Death Coil |
| 10:25 | Frost Armor |
| 11:12 | Crypt Fiend |
| 11:21 | Unholy Aura |
| 11:41 | Scroll of Healing |
| 11:47 | Ziggurat |
| 11:49 | Acolyte |
| 12:02 | Abomination |
| 12:19 | Destroyer Form |
| 12:34 | Necropolis |
| 12:37 | Ghoul |
| 13:13 | Crypt Fiend |
| 13:50 | Obsidian Statue |
| 13:56 | Crypt Fiend |
| 14:06 | Potion of Lesser Invulnerability |
| 14:08 | Ziggurat |
| 14:10 | Acolyte |
| 14:31 | Orb of Corruption |
| 14:42 | Rod of Necromancy |
| 14:54 | Acolyte |
| 15:02 | Nerubian Tower |
| 15:16 | Acolyte |
| 15:34 | Frost Nova |
| 15:35 | Crypt Fiend |
| 15:39 | Disease Cloud |
| 15:48 | Creature Attack |
| 16:28 | Obsidian Statue |
| 16:38 | Scroll of Town Portal |
| 16:40 | Potion of Invisibility |
| 17:59 | Abomination |
43 units @ 5.2k
/ 1.1k
17 buildings @ 3.1k
/ 1.4k


| Orb of Venom | 1 | 325 |
| Staff of Preservation | 1 | 150 |
| Potion of Healing | 2 | 300 |
| Lesser Clarity Potion | 1 | 70 |
| Scroll of Healing | 3 | 750 |
| Scroll of Town Portal | 2 | 700 |
| Boots of Speed | 1 | 250 |
| Staff of Teleportation | 1 | 150 |
| Potion of Lesser Invulnerability | 2 | 300 |
| total: | 14 | 2995g |
| Wisp | 26 | 1560 | / | 0 |
| Archer | 4 | 520 | / | 40 |
| Dryad | 4 | 580 | / | 240 |
| Druid of the Claw | 6 | 1530 | / | 480 |
| Mountain Giant | 3 | 1050 | / | 300 |
| total: | 43 | 5240g | / | 1060w |
| Altar of Elders | 2 | 360 | / | 100 |
| Moon Well | 5 | 900 | / | 200 |
| Ancient of War | 2 | 300 | / | 120 |
| Ancient of Wonders | 2 | 180 | / | 60 |
| Hunter's Hall | 1 | 210 | / | 100 |
| Tree of Life | 2 | 680 | / | 370 |
| Ancient of Lore | 2 | 310 | / | 290 |
| Chimaera Roost | 1 | 140 | / | 190 |
| Tree of Ages | 1 | 320 | / | 180 |
| Tree of Eternity | 1 | 330 | / | 200 |
| total: | 17 | 3080g | / | 1430w |
| 0:01 | Wisp |
| 0:04 | Altar of Elders |
| 0:07 | Altar of Elders |
| 0:17 | Moon Well |
| 0:17 | Wisp |
| 0:20 | Ancient of War |
| 0:30 | Wisp |
| 0:38 | Wisp |
| 0:47 | Wisp |
| 0:59 | Wisp |
| 1:19 | Wisp |
| 1:21 | Archer |
| 1:56 | Wisp |
| 1:57 | Moon Well |
| 1:58 | Wisp |
| 2:06 | Mana Burn |
| 2:13 | Wisp |
| 2:14 | Wisp |
| 2:26 | Ancient of Wonders |
| 3:12 | Tree of Ages |
| 3:22 | Archer |
| 3:22 | Archer |
| 3:26 | Moon Well |
| 3:44 | Boots of Speed |
| 4:06 | Evasion |
| 4:12 | Hunter's Hall |
| 4:13 | Archer |
| 4:46 | Tree of Life |
| 5:12 | Ancient of Wonders |
| 5:45 | Ancient of Lore |
| 5:51 | Frost Arrows |
| 6:47 | Tree of Life |
| 6:50 | Ancient of War |
| 6:57 | Tree of Eternity |
| 7:16 | Dryad |
| 7:57 | Mana Burn |
| 8:03 | Dryad |
| 8:58 | Wisp |
| 8:58 | Wisp |
| 8:58 | Wisp |
| 9:26 | Druid of the Claw |
| 9:29 | Ancient of Lore |
| 9:31 | Wisp |
| 9:31 | Wisp |
| 9:31 | Wisp |
| 9:43 | Druid of the Claw Adept Training |
| 10:06 | Wisp |
| 10:15 | Staff of Teleportation |
| 10:24 | Druid of the Claw |
| 10:34 | Forked Lightning |
| 10:40 | Potion of Lesser Invulnerability |
| 10:40 | Scroll of Healing |
| 11:21 | Druid of the Claw |
| 11:40 | Scroll of Town Portal |
| 11:40 | Orb of Venom |
| 11:44 | Staff of Preservation |
| 11:45 | Potion of Healing |
| 11:46 | Wisp |
| 11:49 | Wisp |
| 12:07 | Druid of the Claw Master Training |
| 12:25 | Druid of the Claw |
| 12:49 | Druid of the Claw |
| 13:50 | Druid of the Claw |
| 13:57 | Dryad |
| 13:59 | Moon Well |
| 14:00 | Reinforced Hides |
| 14:05 | Scroll of Town Portal |
| 14:07 | Potion of Healing |
| 14:18 | Lesser Clarity Potion |
| 14:22 | Moon Well |
| 14:34 | Abolish Magic |
| 14:35 | Mark of the Claw |
| 15:00 | Wisp |
| 15:01 | Wisp |
| 15:01 | Wisp |
| 15:01 | Wisp |
| 15:04 | Mountain Giant |
| 15:18 | Scroll of Healing |
| 15:20 | Scroll of Healing |
| 15:25 | Strength of the Wild |
| 15:26 | Wisp |
| 15:28 | Wisp |
| 15:46 | Mountain Giant |
| 15:50 | Hardened Skin |
| 16:09 | Potion of Lesser Invulnerability |
| 16:16 | Mountain Giant |
| 16:42 | Chimaera Roost |
| 17:18 | Evasion |
| 17:23 | Dryad |
| 17:37 | Forked Lightning |
| 18:19 | Frost Arrows |